 Dungeon Crawl Stone Soup version 0.27.1 (webtiles) character file.

Game seed: 13310014266041391563

104 Ijustatesigmund the Skirmisher (level 4, -1/29 HPs)
             Began as a Gargoyle Fighter on Aug 27, 2021.
             Frozen to death by an endoplasm (4 damage)
             ... on level 3 of the Dungeon.
             The game lasted 00:02:31 (1983 turns).

Ijustatesigmund the Skirmisher (Gargoyle Fighter)   Turns: 1983, Time: 00:02:31

Health: -1/29      AC: 10    Str: 19    XL:     4   Next: 80%
Magic:  4/4        EV:  7    Int:  7    God:
Gold:   87         SH: 10    Dex: 10    Spells: 3/3 levels left

rFire    . . .     SeeInvis .   a - +1 flail
rCold    . . .     Faith    .   c - +1 kite shield
rNeg     + . .     Spirit   .   b - +0 scale mail
rPois    ∞         Reflect  .   (no helmet)
rElec    +         Harm     .   (no cloak)
rCorr    .         Rampage  .   (no gloves)
Will     .....                  (no boots)
Stlth    ..........             (no amulet)
HPRegen  0.09/turn              (no ring)
MPRegen  0.09/turn              (no ring)

@: no status effects
A: sickness immunity, AC +3, negative energy resistance 1, electricity
resistance, torment resistance 1, petrification resistance, dopey 1
a: no special abilities


You were on level 3 of the Dungeon.
You visited 1 branch of the dungeon, and saw 3 of its levels.

You collected 87 gold pieces.

Inventory:

Hand Weapons
 a - a +1 flail (weapon)
Armour
 b - a +0 scale mail (worn)
 c - a +1 kite shield (worn)
Scrolls
 e - a scroll of enchant weapon
 g - a scroll of teleportation {unknown}
Potions
 d - a potion of might


   Skills:
 + Level 4.2 Fighting
 * Level 4.1 Maces & Flails
 - Level 3.2 Armour
 - Level 3.2 Shields


You had 3 spell levels left.
You didn't know any spells.
Your spell library contained the following spells:

 Spells                   Type           Power      Damage    Failure   Level
 Blink                    Tloc           N/A        N/A       100%        2
 Lesser Beckoning         Tloc           0%         N/A       100%        3
 Manifold Assault         Tloc           0%         N/A       100%        5


Dungeon Overview and Level Annotations

Branches:
Dungeon (3/15)

Altars:


Innate Abilities, Weirdness & Mutations

You are immune to sickness and miasma.
Your stone body is resilient. (AC +3)
You are immune to poison.
You resist negative energy. (rN+)
You are resistant to electric shocks. (rElec)
You are resistant to unholy torment.
You are immune to petrification.
You are dopey. (Int -2)


Message History

You block the endoplasm's attack.
You barely miss the white imp.
The white imp is moderately wounded.
The white imp hits you but does no damage.
The endoplasm hits you but does no damage.
You hit the white imp but do no damage.
The white imp is moderately wounded.
You block the white imp's attack. The endoplasm freezes you.
You are frozen.
You block the white imp's attack.
You closely miss the white imp.
The white imp is moderately wounded.
The endoplasm barely misses you. The white imp barely misses you.
The endoplasm hits you but does no damage.
You hit the white imp but do no damage.
The white imp is moderately wounded.
The white imp barely misses you. The endoplasm freezes you.
You are frozen.
You block the white imp's attack.
You closely miss the white imp.
The white imp is moderately wounded.
The endoplasm freezes you.
You are frozen.
* * * LOW HITPOINT WARNING * * *
You block the white imp's attack. The endoplasm freezes you.
You are frozen.
* * * LOW HITPOINT WARNING * * *
You closely miss the white imp.
The white imp is moderately wounded.
The white imp barely misses you. You block the endoplasm's attack.
You closely miss the white imp.
The white imp is moderately wounded.
You block the white imp's attack. The endoplasm barely misses you.
The white imp barely misses you.
You barely miss the white imp.
The white imp is moderately wounded.
The endoplasm freezes you.
You are frozen.
You die...

......##.........#
......#..........#
..(...#..........# ......
......#..........# ......
.....##.....##...# ......
.....##.######...# .....
.....##..........# ...
#....##........####.# #
...............J@5..##...#
...............###........
.................#.....#..
.................#........
...........##....#........
...........##....#.o......
..####.....##.............
..####.....######.........
.#...#.....# ....##+##


You could see a white imp and an endoplasm.

Vanquished Creatures
  A hound (D:3)
  2 adders
  2 dart slugs (D:3)
  2 orcs (D:3)
  4 ball pythons
  3 endoplasms
  A giant cockroach (D:2)
  6 goblins (D:1)
  3 hobgoblins
  3 jackals (D:1)
  6 kobolds
  10 bats
  A frilled lizard (D:2)
  8 rats
52 creatures vanquished.

Notes
Turn   | Place    | Note
-------+----------+-------------------------------------------
     0 | D:1      | Ijustatesigmund the Gargoyle Fighter began the quest for
                  | the Orb.
     0 | D:1      | Reached XP level 1. HP: 14/14 MP: 1/1
   143 | D:1      | Reached XP level 2. HP: 16/19 MP: 2/2
   619 | D:1      | Reached XP level 3. HP: 24/24 MP: 3/3
   813 | D:1      | Gained mutation: Your magical capacity is low. (-10% MP)
                  | [potion of mutation]
   814 | D:1      | Lost mutation: Your magical capacity is low. (-10% MP)
                  | [potion of mutation]
   814 | D:1      | Gained mutation: You are dopey. (Int -2) [potion of
                  | mutation]
  1613 | D:3      | Reached XP level 4. HP: 16/29 MP: 4/4
  1983 | D:3      | Frozen to death by an endoplasm

Illustrated notes

Levels and vault maps discovered:
D:1:      minmay_arrival_nine_rooms, layout_loops_ring
D:2:      layout_basic, serial_aquarium, aquarium_bridge_long_joined
          [aquarium_subvault_wall, aquarium_subvault_wall,
          aquarium_subvault_bridge, aquarium_subvault_window,
          aquarium_subvault_bridge, aquarium_subvault_wall],
          aquarium_bridge_island_small [aquarium_subvault_small_water,
          aquarium_subvault_wall, aquarium_subvault_bridge,
          aquarium_subvault_wall, aquarium_subvault_bridge],
          aquarium_window_fake, aquarium_window_3, aquarium_window_2,
          aquarium_view_2c, aquarium_view_2c, aquarium_balcony_3a
D:3:      layout_basic, hellmonk_ecumenical_altar_inner_sanctum,
          minmay_misc_feat_room, minmay_misc_feat_iff

Skill      XL: |  1  2  3  4 |
---------------+-------------+-----
Maces & Flails | 3 4 |  4.1
Fighting       | 4 |  4.2
Armour         | |  3.2
Shields        | |  3.2

Action                   |  1- 3 |  4- 6 || total
-------------------------+-------+-------++-------
Melee: Flail             |   144 |    47 ||   191
  Use: Scroll            |     5 |     1 ||     6
       Potion            |     2 |     2 ||     4
Armor: Scale mail        |    99 |    27 ||   126
Dodge: Dodged            |    49 |    25 ||    74
Block: Kite shield       |    94 |    27 ||   121
